 Dungeon Crawl Stone Soup version 0.20.0-15-g7f486f2 (webtiles) character file.

298 AltWight the Shield-Bearer (level 6, -20/47 HPs)
             Began as a Formicid Fighter on June 12, 2017.
             Demolished by an ogre
             ... wielding a +0 giant spiked club
              (27 damage)
             ... on level 4 of the Dungeon.
             The game lasted 00:07:06 (3191 turns).

AltWight the Shield-Bearer (Formicid Fighter)       Turns: 3191, Time: 00:07:07

Health: -20/47     AC:  8    Str: 23    XL:     6   Next: 62%
Magic:  6/6        EV:  8    Int:  7    God:
Gold:   197        SH: 10    Dex: 10    Spells: 5/5 levels left

rFire    . . .     SeeInvis +   k - +2 whip (holy)
rCold    . . .     Gourm    .   c - +0 shield
rNeg     . . .     Faith    .   b - +0 scale mail
rPois    .         Spirit   .   (helmet unavailable)
rElec    .         Reflect  .   (no cloak)
rCorr    .         Harm     .   (no gloves)
MR       +....                  i - +0 pair of boots
Stlth    ..........             (no amulet)
Regen    0.2/turn               e - ring of protection from magic
MPRegen  0.1/turn               t - ring of loudness (curse)

@: no status effects
A: permanent stasis, dig shafts and tunnels, four strong arms, antennae 3
a: Dig, Shaft Self


You were on level 4 of the Dungeon.
You were very hungry.

You visited 1 branch of the dungeon, and saw 4 of its levels.

You collected 197 gold pieces.

Inventory:

Hand Weapons
 a - a +0 war axe
 h - a +0 fustibalus
 k - a +2 whip of holy wrath (weapon)
Missiles
 x - 17 stones (quivered)
Armour
 b - a +0 scale mail (worn)
 c - a +0 shield (worn)
 i - a +0 pair of boots (worn)
Jewellery
 e - a ring of protection from magic (left hand)
 m - an uncursed ring of ice
 t - a cursed ring of loudness (right hand)
Scrolls
 l - 3 scrolls of identify {unknown}
 n - 2 scrolls of remove curse {unknown}
 r - 2 scrolls of enchant armour {unknown}
 s - a scroll of noise {unknown}
 u - 2 scrolls of magic mapping {unknown}
 w - a scroll of teleportation {unknown}
Potions
 d - a potion of might
 j - 2 potions of ambrosia {unknown}
 p - a potion of degeneration {unknown}
 v - a potion of agility {unknown}
 z - a potion of heal wounds {unknown}
Comestibles
 f - 3 bread rations
 g - 3 fruits
 o - a royal jelly


   Skills:
 - Level 3.2 Fighting
 * Level 4.5 Axes
 + Level 4.7 Armour
 + Level 5.5 Shields


You had 5 spell levels left.
You didn't know any spells.

Dungeon Overview and Level Annotations

Branches:
Dungeon (4/15)
 Temple: D:4-7

Altars:
Fedhas

Annotations:
D:4 Zleub's ghost, novice MfSk


Innate Abilities, Weirdness & Mutations

You cannot be hasted, slowed, berserked, paralysed or teleported.
You can dig through walls and to a lower floor.
Your four strong arms can wield two-handed weapons with a shield.
You have a pair of large antennae on your head. (SInv)


Message History

The ogre hits you with a giant spiked club.
You hit Zleub's ghost.
Zleub's ghost convulses!
Zleub's ghost is moderately damaged.
Zleub's ghost hits you!
* * * LOW HITPOINT WARNING * * *
You block the ogre's attack.
You closely miss Zleub's ghost.
Zleub's ghost is moderately damaged.
You block Zleub's ghost's attack.
You barely miss Zleub's ghost.
Zleub's ghost is moderately damaged.
Zleub's ghost hits you.
* * * LOW HITPOINT WARNING * * *
The ogre barely misses you.
You barely miss Zleub's ghost.
Zleub's ghost is moderately damaged.
Zleub's ghost hits you but does no damage.
The ogre hits you with a giant spiked club!!
Ouch! That really hurt!
You die...

#...##..........#
#...##....##....#
#...########....#
#$...#..........#
#....#..........#
#....'.......>..#
#...########....#
#...##....##...W##
#.........##...O@#...
##..............##...
#...................
##.{................
#.##..S.......(.... #
## #...............
##.# #....##....##...
.#.##########........
..............P.P..#+


You could see an ogre and Zleub's ghost.

Vanquished Creatures
  A scorpion (D:4)
  10 gnolls
  6 adders
  3 worms (D:2)
  3 leopard geckos
  2 orcs
  A ball python (D:1)
  10 bats
  4 giant cockroaches
  11 goblins
  12 hobgoblins
  4 jackals (D:2)
  6 kobolds
  A quokka (D:3)
  6 frilled lizards
  7 rats
87 creatures vanquished.

Notes
Turn   | Place    | Note
-------+----------+-------------------------------------------
     0 | D:1      | AltWight the Formicid Fighter began the quest for the Orb.
     0 | D:1      | Reached XP level 1. HP: 18/18 MP: 1/1
   249 | D:1      | Reached XP level 2. HP: 20/24 MP: 2/2
   426 | D:1      | Reached skill level 4 in Shields
   449 | D:1      | Reached XP level 3. HP: 29/29 MP: 3/3
  1024 | D:2      | Reached XP level 4. HP: 35/35 MP: 4/4
  1370 | D:2      | Reached XP level 5. HP: 28/41 MP: 5/5
  2033 | D:2      | Reached skill level 5 in Shields
  2442 | D:3      | Found a faded altar of an unknown god.
  2456 | D:3      | Reached XP level 6. HP: 47/47 MP: 6/6
  3117 | D:4      | Found a blossoming altar of Fedhas.
  3146 | D:4      | Noticed Zleub's ghost (novice MfSk)
  3150 | D:4      | Noticed an ogre
  3191 | D:4      | Demolished by an ogre

Skill      XL: |  1  2  3  4  5 |
---------------+----------------+-----
Shields        | 4 5 |  5.5
Axes           | 3 4 |  4.5
Armour         | 4 |  4.7
Fighting       | |  3.2

Action                   |  1- 3 |  4- 6 || total
-------------------------+-------+-------++-------
Melee: War axe           |    39 |       ||    39
       Whip              |    64 |   252 ||   316
 Fire: Fustibalus        |       |     3 ||     3
 Abil: Dig               |     4 |     3 ||     7
  Eat: Chunk             |     1 |     6 ||     7
Armor: Scale mail        |    42 |    82 ||   124
Dodge: Dodged            |    16 |    77 ||    93
Block: Shield            |    54 |   133 ||   187
